 Dungeon Crawl Stone Soup version 0.14-a0-1388-g200237c (webtiles) character file.

16417 Ololoev the Arsonist (level 12, -11/59 HPs)
             Began as a Deep Elf Conjurer on Dec 9, 2013.
             Was a High Priest of Vehumet.
             Shot with an arrow of frost by a centaur (12 damage)
             ... on Level 11 of the Dungeon on Dec 10, 2013.
             The game lasted 01:21:55 (11800 turns).

Ololoev the Arsonist (Deep Elf Conjurer)           Turns: 11800, Time: 01:21:56

HP -11/59        AC  8     Str  8      XL: 12   Next:  5%
MP  29/43        EV 10     Int 26      God: Vehumet [*****.]
Gold 469         SH  8     Dex 15      Spells:  7 memorised, 15 levels left

rFire  + . .     SeeInvis .     g - staff of fire
rCold  . . .     Clarity  .     O - +2 leather armour
rNeg   . . .     Conserve .     y - +0 dwarf buckler
rPois  .         rCorr    .     J - +2 spiked helmet
rElec  .         rRot     .     (no cloak)
SustAb . .       Spirit   .     (no gloves)
rMut   .         Warding  .     (no boots)
Saprov . . .     Stasis   .     (no amulet)
                                l - ring of magical power
                                K - +3 ring of intelligence

@: somewhat resistant to hostile enchantments, fairly stealthy
A: no striking features
a: Renounce Religion


You were on level 11 of the Dungeon.
You worshipped Vehumet.
Vehumet was extremely pleased with you.
You were not hungry.

You visited 2 branches of the dungeon, and saw 12 of its levels.
You also visited: Bailey.

You collected 577 gold pieces.
You spent 108 gold pieces at shops.

Inventory:

Armour
 y - a +0 dwarven buckler (worn)
 J - a +2 spiked helmet (worn)
 O - a +2 leather armour (worn)
Magical devices
 m - a wand of digging (7)
 P - a wand of cold (10)
 S - a wand of fire (3)
 V - a wand of paralysis (15)
Comestibles
 a - a choko
 b - 6 bread rations
 f - 3 meat rations
 h - a banana
 r - a lychee
 s - a sausage
 u - a slice of pizza
 R - 8 strawberries
 T - an apple
Scrolls
 d - a scroll of blinking
 e - a scroll of random uselessness {unknown}
 j - 5 scrolls of teleportation
 o - 2 scrolls of amnesia
 t - 2 scrolls of fear
 v - 3 scrolls of remove curse
 C - a scroll of magic mapping
 D - 2 scrolls of fog
 E - 2 scrolls of noise
 I - a scroll of holy word {unknown}
Jewellery
 i - an uncursed ring of protection from fire
 l - a ring of magical power (right hand)
 B - an uncursed ring of fire
 G - an uncursed ring of ice
 H - an uncursed amulet of resist corrosion
 K - a +3 ring of intelligence (left hand)
 N - an uncursed ring of sustenance {unknown}
Potions
 k - a potion of lignification {unknown}
 n - 2 potions of flight {unknown}
 p - a potion of heal wounds
 q - a potion of might {unknown}
 w - 2 potions of poison
 x - 5 potions of curing
 z - 2 potions of paralysis {unknown}
 A - a potion of berserk rage {unknown}
 F - a potion of mutation
 L - 2 potions of restore abilities {unknown}
 W - a potion of resistance {unknown}
 X - a potion of agility {unknown}
 Y - a potion of cure mutation {unknown}
Books
 c - a book of Conjurations

   Spells                             Type                      Level
   *Magic Dart                        Conjuration                  1
   *Searing Ray                       Conjuration                  2
   Dazzling Spray                     Conjuration/Hexes            3
   *Iskenderun's Mystic Blast         Conjuration                  4
   *Iskenderun's Battlesphere         Conjuration/Charms           4
   *Fulminant Prism                   Conjuration/Hexes            5
 Q - a book of the Sky

   Spells                             Type                      Level
   Flight                             Charms/Air                   3
   Airstrike                          Air                          4
   Silence                            Hexes/Air                    5
   Deflect Missiles                   Charms/Air                   6
   Conjure Ball Lightning             Conjuration/Air              6
   Tornado                            Air                          9
Magical staves
 g - an uncursed staff of fire (weapon)
Miscellaneous
 M - a sack of spiders


   Skills:
 - Level 2.4 Dodging
 - Level 2.4 Stealth
 - Level 1.0 Shields
 - Level 12.0 Spellcasting
 + Level 12.5 Conjurations
 - Level 6.1 Charms
 + Level 13.6 Fire Magic


You had 15 spell levels left.
You knew the following spells:

 Your Spells              Type           Power        Failure   Level  Hunger
a - Magic Dart            Conj           ####         1%          1    None
b - Searing Ray           Conj           ######       1%          2    None
c - Iskenderun's Battles  Conj/Chrm      ######..     1%          4    None
d - Iskenderun's Mystic   Conj           ######..     1%          4    None
e - Flame Tongue          Conj/Fire      #####        1%          1    None
f - Conjure Flame         Conj/Fire      #######.     1%          3    None
g - Fulminant Prism       Conj/Hex       #####.....   4%          5    ##.....


Dungeon Overview and Level Annotations

Branches:
Dungeon (11/16)            Temple (1/1) D:4            Lair (0/8) D:10
    Orc: D:9-12

Altars:
Cheibriados
Elyvilon
Fedhas
Makhleb
Nemelex Xobeh
Okawaru
Sif Muna
Trog
Vehumet
Xom
Zin
the Shining One

Shops:
D:5 ([!}   D:10 /

Annotations:
D:11 Josephine


Message History

You feel better.
There is an open door here.
You start resting.
Casting: Conjure Flame
Confirm with . or Enter, or press ? or * to list all spells.
You conjure a globe of magical energy.
The centaur shoots an arrow of frost.
The arrow of frost hits your battlesphere.
Casting: Iskenderun's Battlesphere
Confirm with . or Enter, or press ? or * to list all spells.
Aiming: Iskenderun's Mystic Blast
Press: ? - help, Shift-Dir - straight line, f - centaur
Aim: a centaur, wielding a longbow of flame and wearing a centaur barding (moderately wounded)
The orb of energy misses the centaur.
The orb of energy explodes!
Your battlesphere fires!
The barrage of energy hits the centaur.
The centaur is heavily wounded.
The centaur shoots an arrow of frost.
The arrow of frost hits you!
* * * LOW HITPOINT WARNING * * *
The centaur shoots an arrow of frost.
The arrow of frost hits you!
You die...

..##........^#.#.###.#
#%.#...###.###.#.#)#.#
.%.#..## #...#.#.###.#
...##.# ##..#.#...#.#
###)#.# #.##.###.#.#
..###.# #.##.#)#.#.#
......# #.##.###.#,*
####.## #.##.#...#,*
#.# #.####@###**
####.######.###(*###
.............c.....#
####################


You could see a centaur.

Vanquished Creatures
  An orc warlord (Bailey)
  Nessos (D:11)
  An ice statue (D:10)
  A hill giant (D:10)
  A griffon (D:10)
  Psyche (D:9)
  A two-headed ogre (D:9)
  A troll (D:10)
  The ghost of epsilon the Insei, an average DsMo (D:4)
  A slime creature (D:11)
  A wraith (D:11)
  20 yaks
  2 hungry ghosts
  Eustachio (D:5)
  A merfolk (D:8)
  A necrophage (D:7)
  A hill giant skeleton (D:9)
  2 manticores (D:10)
  2 hippogriffs
  5 sky beasts
  A giant goldfish (D:11)
  5 ogres
  8 ice beasts
  A black bear (D:11)
  2 phantoms
  16 orc warriors
  5 centaurs
  A crocodile (D:11)
  A gnoll sergeant (D:9)
  3 giant frogs
  A water moccasin (D:8)
  Blork the orc (D:5)
  A wyvern skeleton (D:8)
  A troll zombie (D:9)
  8 wights (D:10)
  A jellyfish (D:11)
  13 killer bees
  3 hippogriff skeletons
  A goliath beetle (D:11)
  A water moccasin zombie (D:4)
  7 crimson imps
  6 big fish
  2 jellies
  A yellow wasp zombie (D:10)
  A centaur skeleton (D:5)
  A hound (D:8)
  4 orc priests
  A giant frog skeleton (D:10)
  4 scorpions
  A black bear skeleton (D:7)
  An iguana (D:8)
  6 orc wizards
  6 worker ants
  A big kobold zombie (D:7)
  An ogre zombie (D:6)
  An ogre skeleton (D:6)
  A hound skeleton (D:4)
  2 worker ant zombies
  A lemure (D:5)
  10 adders
  A giant centipede (D:7)
  30 gnolls
  A worm (D:4)
  2 giant mites
  An adder skeleton (D:7)
  2 giant eyeballs
  2 oozes
  46 orcs
  A bat zombie (D:4)
  2 giant cockroaches
  30 hobgoblins
  12 jackals
  2 quokkas (D:2)
  A ball python (D:3)
  10 bats
  4 giant geckos
  7 giant newts
  A giant newt zombie (D:4)
  31 goblins
  A goblin zombie (D:4)
  2 hobgoblin zombies (D:4)
  A jackal skeleton (D:9)
  21 kobolds
  A quokka skeleton (D:4)
  10 rats
400 creatures vanquished.

Vanquished Creatures (others)
  7 fulminant prisms
7 creatures vanquished.

Grand Total: 407 creatures vanquished

Notes
Turn   | Place    | Note
--------------------------------------------------------------
     0 | D:1      | Ololoev, the Deep Elf Conjurer, began the quest for the Orb.
     0 | D:1      | Reached XP level 1. HP: 10/10 MP: 5/5
   373 | D:1      | Reached XP level 2. HP: 15/15 MP: 4/9
  1123 | D:2      | Learned a level 2 spell: Searing Ray
  1315 | D:2      | Reached XP level 3. HP: 19/19 MP: 7/13
  1355 | D:2      | Reached skill level 5 in Spellcasting
  1755 | D:2      | Found a glowing silver altar of Zin.
  1756 | D:2      | Found a snail-covered altar of Cheibriados.
  2160 | D:3      | Reached skill level 6 in Spellcasting
  2160 | D:3      | Reached XP level 4. HP: 24/24 MP: 9/18
  2483 | D:3      | Found an iron altar of Okawaru.
  2484 | D:3      | Found a bloodstained altar of Trog.
  2666 | D:4      | Noticed epsilon's ghost (average DsMo)
  2678 | D:4      | Killed epsilon's ghost
  2678 | D:4      | Reached XP level 5. HP: 10/28 MP: 10/20
  2678 | D:4      | Reached XP level 6. HP: 11/32 MP: 11/22
  2892 | D:4      | Learned a level 4 spell: Iskenderun's Battlesphere
  2930 | D:4      | Found a staircase to the Ecumenical Temple.
  2939 | D:4      | Reached skill level 1 in Charms
  2959 | Temple   | Entered the Ecumenical Temple
  2991 | Temple   | Became a worshipper of Vehumet
  3253 | D:4      | Noticed an ogre
  3260 | D:4      | Killed an ogre
  3260 | D:4      | Reached skill level 5 in Charms
  3260 | D:4      | Reached XP level 7. HP: 36/36 MP: 17/24
  3301 | D:4      | Found a burning altar of Makhleb.
  3301 | D:4      | Found a shimmering altar of Xom.
  3738 | D:5      | Entered Level 5 of the Dungeon
  3752 | D:5      | Found Xucho's Antique Weapon Shop.
  3768 | D:5      | Reached skill level 7 in Conjurations
  3769 | D:5      | Found Phalox's Distillery.
  3775 | D:5      | Found Thri Klibb's Armour Boutique.
  3792 | D:5      | Bought a potion of heal wounds for 36 gold pieces
  3792 | D:5      | Bought a potion of confusion for 12 gold pieces
  3792 | D:5      | Bought a potion of mutation for 36 gold pieces
  3792 | D:5      | Bought a potion of curing for 24 gold pieces
  3881 | D:5      | Noticed Eustachio
  3887 | D:5      | Killed Eustachio
  3984 | D:5      | Found Riet's Gadget Boutique.
  3997 | D:5      | Reached skill level 8 in Spellcasting
  3997 | D:5      | Reached XP level 8. HP: 41/41 MP: 18/27
  4033 | D:5      | Acquired Vehumet's first power
  4033 | D:5      | Offered knowledge of Shock by Vehumet.
  4185 | D:5      | Noticed Blork the orc
  4189 | D:5      | Killed Blork the orc
  4397 | D:5      | Found a blossoming altar of Fedhas.
  5106 | D:6      | Paralysed by a giant eyeball for 2 turns
  5215 | D:7      | Reached skill level 9 in Spellcasting
  5648 | D:7      | Offered knowledge of Flame Tongue by Vehumet.
  5648 | D:7      | Reached skill level 1 in Shields
  5654 | D:7      | Learned a level 4 spell: Iskenderun's Mystic Blast
  5656 | D:7      | Learned a level 1 spell: Flame Tongue
  5686 | D:7      | Reached skill level 1 in Fire Magic
  5922 | D:7      | Reached skill level 10 in Spellcasting
  5985 | D:7      | Reached XP level 9. HP: 45/45 MP: 30/30
  6630 | D:8      | Reached skill level 5 in Fire Magic
  6936 | D:8      | Offered knowledge of Conjure Flame by Vehumet.
  6941 | D:8      | Learned a level 3 spell: Conjure Flame
  7199 | D:8      | Acquired Vehumet's second power
  7354 | D:8      | Offered knowledge of Inner Flame by Vehumet.
  7704 | D:9      | Reached XP level 10. HP: 50/50 MP: 31/31
  7837 | D:9      | Reached skill level 10 in Fire Magic
  8120 | D:9      | Acquired Vehumet's third power
  8132 | D:9      | Noticed Psyche
  8142 | D:9      | Killed Psyche
  8142 | D:9      | Reached skill level 11 in Fire Magic
  8215 | D:9      | Offered knowledge of Ignite Poison by Vehumet.
  8280 | D:9      | Found a deep blue altar of Sif Muna.
  8893 | D:10     | Entered Level 10 of the Dungeon
  8924 | D:10     | Found Muohoun's Magical Wand Boutique.
  8950 | D:10     | Noticed a hill giant
  8956 | D:10     | Killed a hill giant
  8956 | D:10     | Reached skill level 12 in Fire Magic
  8961 | D:10     | Found a staircase to the Lair.
  9148 | D:10     | Noticed a griffon
  9153 | D:10     | Killed a griffon
  9185 | D:10     | Reached skill level 10 in Conjurations
  9342 | D:10     | Reached XP level 11. HP: 39/54 MP: 33/33
  9813 | D:10     | Noticed an ice statue
  9826 | D:10     | Learned a level 5 spell: Fulminant Prism
  9837 | D:10     | Killed an ice statue
 10133 | D:11     | Noticed Josephine
 10167 | D:11     | Offered knowledge of Bolt of Magma by Vehumet.
 10314 | D:11     | Noticed Nessos
 10321 | D:11     | Killed Nessos
 10389 | D:11     | Found a flagged portal.
 10400 | Bailey   | Entered a bailey
 10814 | Bailey   | Noticed an orc warlord
 10830 | Bailey   | Killed an orc warlord
 10830 | Bailey   | Reached skill level 13 in Fire Magic
 11066 | Bailey   | Got a pitted spear
 11067 | Bailey   | Identified the +5,+2 spear of Temperance {freeze, Hunger +Inv MR++ Str+3} (You found it in a bailey)
 11118 | Bailey   | Identified a scroll of acquirement
 11322 | D:11     | Offered knowledge of Sticky Flame by Vehumet.
 11530 | D:11     | Reached XP level 12. HP: 59/59 MP: 29/34
 11800 | D:11     | HP: 1/59 [centaur/arrow of frost (14)]
 11800 | D:11     | Shot with an arrow of frost by a centaur

Action                   |  1- 3 |  4- 6 |  7- 9 | 10-12 || total
-------------------------+-------+-------+-------+-------++-------
Melee: Whip              |     8 |       |       |       ||     8
       Dagger            |       |       |       |     1 ||     1
 Cast: Magic Dart        |    89 |    54 |   157 |   192 ||   492
       Searing Ray       |     5 |    10 |    42 |    44 ||   101
       Iskenderun's Batt |       |       |    27 |    56 ||    83
       Iskenderun's Myst |       |       |     9 |    43 ||    52
       Conjure Flame     |       |       |     1 |    13 ||    14
       Fulminant Prism   |       |       |       |     7 ||     7
Evoke: Wand              |       |     5 |     4 |     2 ||    11
  Use: Scroll            |       |       |    15 |    12 ||    27
       Potion            |       |       |     3 |     3 ||     6
